 Dungeon Crawl Stone Soup version 0.30.0-17-ge0270778cf (webtiles) character file.

Game seed: 6107848777285143202

193 DemonSlayer the Digger (level 5, 0/35 HPs)
             Began as a Demonspawn Earth Elementalist on May 21, 2023.
             Engulfed by a cloud of flame (22 damage)
             ... on level 3 of the Dungeon.
             The game lasted 00:04:32 (2935 turns).

DemonSlayer the Digger (DsEE)                       Turns: 2935, Time: 00:04:33

Health: 0/35       AC:  5    Str:  8    XL:     5   Next: 43%
Magic:  10/10      EV: 12    Int: 16    God:
Gold:   170        SH:  0    Dex: 16    Spells: 1/11 levels left

rFire   . . .        f - +3 dagger
rCold   . . .        (no shield)
rNeg    . . .        a - +0 robe
rPois   .            (no helmet)
rElec   .            (no cloak)
rCorr   .            (no gloves)
SInv    .            (no boots)
Will    .....        (no amulet)
Stlth   ++           (no ring)
HPRegen 0.25/turn    (no ring)
MPRegen 0.12/turn

%: no passive effects
@: no status effects
A: claws 1, molten scales 2
a: no special abilities


You were on level 3 of the Dungeon.
You visited 1 branch of the dungeon, and saw 3 of its levels.

You collected 170 gold pieces.

Inventory:

Hand Weapons
 f - a +3 dagger (weapon)
Missiles
 e - a throwing net
Armour
 a - a +0 robe (worn)
Scrolls
 c - 3 scrolls of teleportation {unknown}
 d - a scroll of amnesia {unknown}
 j - 3 scrolls of noise {unknown}
 l - a scroll of torment {unknown}
 m - a scroll of summoning
 o - 2 scrolls of poison {unknown}
Potions
 b - a potion of heal wounds
 g - a potion of resistance
 h - a potion of brilliance {unknown}
 k - 2 potions of curing
 n - a potion of attraction {unknown}


   Skills:
 + Level 0.1 Short Blades
 + Level 2.0 Dodging
 + Level 2.2 Stealth
 + Level 3.6 Spellcasting
 + Level 0.8 Transmutations
 + Level 4.4 Earth Magic


You had one spell level left.
You knew the following spells:

 Your Spells              Type           Power      Damage    Failure   Level
a - Sandblast             Erth           34%        2d9       2%          1
b - Stone Arrow           Conj/Erth      18%        3d8       22%         3
c - Passwall              Tmut/Erth      9%         N/A       9%          2
d - Petrify               Tmut/Erth      11%        N/A       52%         4

Your spell library contained the following spells:

 Spells                   Type           Power      Damage    Failure   Level
 Olgreb's Toxic Radiance  Pois           2%         N/A       87%         4
 Discord                  Hex            1%         N/A       100%        8
 Ignition                 Fire           1%         3d3       100%        8


Dungeon Overview and Level Annotations

Branches:
Dungeon (3/15)

Altars:
Cheibriados


Innate Abilities, Weirdness & Mutations

You have sharp fingernails.
You are mostly covered in molten scales. (AC +3)


Message History

No target in view!
You can't see any susceptible monsters within range! (Use Z to cast anyway.) No target in view!
You can't see any susceptible monsters within range! (Use Z to cast anyway.) No target in view!
Found a stone.
You see here a hobgoblin corpse.
As you open the door, it creaks loudly!
Found a snail-covered altar of Cheibriados.
A giant cockroach comes into view.
A giant cockroach is nearby!
A giant cockroach is nearby!
A giant cockroach is nearby!
You miscast Sandblast.
You are very lightly contaminated with residual magic.
Nothing appears to happen.
The giant cockroach barely misses you.
The blast of sand hits the giant cockroach!
You kill the giant cockroach!
You can't see any susceptible monsters within range! (Use Z to cast anyway.)
You can't see any susceptible monsters within range! (Use Z to cast anyway.)
You can't see any susceptible monsters within range! (Use Z to cast anyway.)
Your magical contamination has completely faded away.
There is an open door here.
There is an open door here.
You can't see any susceptible monsters within range! (Use Z to cast anyway.)
A rat comes into view.
A rat is nearby!
A rat is nearby!
A rat is nearby!
A rat is nearby!
Unknown command.
Really walk into a travel-excluded area?
Found a scroll labelled DILECL JOPHOY and a long glowing staff.
Really walk into that cloud of flame?
You are engulfed in blazing flames.
Really walk into that cloud of flame?
Found 5 stones.
You are engulfed in blazing flames.
Ouch! That really hurt!
You die...

#..## #....# # #...###### #..§#
#....### # #...#....#####...##
#......##### ##....#
.(§§.|.?.§§......#.....# .#..###
§§..:.r.§§.....##.##.. .#..####..
§...$..§§.....##.#### .#.......#
#...#####....##...## ##.......#
#°○§# ######..#[.. #........#
#☼§@# ##.####. #........# #§§§#
#..#.. #.#......#####...######
##.## . #.##..................#
#..#..#.
..##...............######.##....#
.>.................# #...###...
###.#..............# #.#...#### #
#.#...........#### #.###...#. #
#.#...........# ##...###...


You could see a rat (asleep).

Vanquished Creatures
  4 gnolls
  8 adders
  A worm (D:2)
  A dart slug (D:3)
  3 orcs (D:3)
  2 endoplasms
  5 giant cockroaches
  12 hobgoblins
  3 jackals (D:1)
  7 kobolds
  A quokka (D:1)
  12 ball pythons
  10 bats
  A frilled lizard (D:3)
  6 rats
76 creatures vanquished.

Notes
Turn   | Place    | Note
-------+----------+-------------------------------------------
     0 | D:1      | DemonSlayer the Demonspawn Earth Elementalist began the
                  | quest for the Orb.
     0 | D:1      | Reached XP level 1. HP: 13/13 MP: 3/3
   202 | D:1      | Reached skill level 3 in Earth Magic
   202 | D:1      | Gained mutation: You are partially covered in molten
                  | scales. (AC +2) [demonic ancestry]
   202 | D:1      | Reached XP level 2. HP: 19/19 MP: 3/5
   621 | D:1      | Gained mutation: You are mostly covered in molten scales.
                  | (AC +3) [demonic ancestry]
   621 | D:1      | Reached XP level 3. HP: 19/24 MP: 4/6
   865 | D:1      | Found a faded altar of an unknown god.
  1275 | D:2      | Reached XP level 4. HP: 17/30 MP: 1/8
  1590 | D:2      | Reached skill level 4 in Earth Magic
  1601 | D:2      | Gained mutation: You have sharp fingernails. [demonic
                  | ancestry]
  1601 | D:2      | Reached XP level 5. HP: 35/35 MP: 8/10
  1965 | D:2      | Learned a level 3 spell: Stone Arrow
  1968 | D:2      | Learned a level 2 spell: Passwall
  1973 | D:2      | Learned a level 4 spell: Petrify
  2855 | D:3      | Found a snail-covered altar of Cheibriados.
  2935 | D:3      | Engulfed by a cloud of flame

Illustrated notes

Levels and vault maps discovered:
D:1:      heliophobic_arrival_dark_side_of_the_moon, layout_basic,
          chequers_ecumenical_altar_simple, minmay_misc_feat_square
D:2:      layout_loops_ring, basic_altar, minmay_snake_closets
D:3:      minmay_skewed_foursquare, layout_basic, tgw_trog,
          mainiacjoe_overflow_surrounded_room, grunt_decor_fettered,
          minmay_misc_feat_columns, nicolae_eternal_life, lemuel_flame_loot_1

Skill      XL: |  1  2  3  4  5 |
---------------+----------------+-----
Earth Magic    | 3 4 |  4.4
Stealth        | 2 |  2.2
Spellcasting   | 3 |  3.6
Dodging        | 2 |  2.0
Short Blades   | |  0.1
Transmutations | |  0.8

Action                     |  1- 3 |  4- 6 || total
---------------------------+-------+-------++-------
  Melee: Dagger            |    18 |    11 ||    29
         Punch             |     1 |       ||     1
   Cast: Sandblast         |    55 |    59 ||   114
    Use: Potion            |     1 |       ||     1
         Scroll            |       |     6 ||     6
   Stab: Sleeping          |     1 |       ||     1
 Armour: Robe              |    13 |    10 ||    23
  Dodge: Dodged            |    40 |    26 ||    66
